 Dungeon Crawl Stone Soup version 0.25.1-2-g60ff931df9 (webtiles) character file.

Game seed: 7049749614532213006

12691 hawla the Tainter (level 11, 0/81 HPs)
             Began as a Pale Draconian Venom Mage on Nov 23, 2020.
             Was an Elder of Vehumet.
             Killed from afar by Azrael (37 damage)
             ... with damnation
             ... on level 12 of the Dungeon.
             The game lasted 01:11:39 (18052 turns).

hawla the Tainter (Pale Draconian Venom Mage)      Turns: 18052, Time: 01:11:39

Health: 0/81       AC: 10    Str: 11    XL:     11   Next: 65%
Magic:  23/34      EV: 13    Int: 19    God:    Vehumet [****..]
Gold:   1113       SH:  5    Dex: 11    Spells: 5/30 levels left

rFire    + . .     SeeInvis .   u - staff of conjuration
rCold    . . .     Gourm    .   (no shield)
rNeg     . . .     Faith    .   (armour unavailable)
rPois    .         Spirit   .   q - +0 hat {MR+}
rElec    .         Reflect  +   G - +0 cloak
rCorr    .         Harm     .   n - +0 pair of gloves
MR       +....                  x - +0 pair of boots
Stlth    ++........             e - amulet of reflection
HPRegen  0.23/turn              J - ring of protection from fire
MPRegen  0.24/turn              i - ring of magical power

@: no status effects
A: breathe steam, unfitting armour, cold-blooded, AC +7
a: Breathe Steam, Renounce Religion


You were on level 12 of the Dungeon.
You worshipped Vehumet.
Vehumet was greatly pleased with you.
You were hungry.

You visited 2 branches of the dungeon, and saw 13 of its levels.
You also visited: Bailey.

You collected 1476 gold pieces.
You spent 363 gold pieces at shops.

Inventory:

Missiles
 c - 82 boomerangs (quivered)
 z - a throwing net
Armour
 n - a +0 pair of gloves (worn)
 q - a +0 hat of magic resistance (worn)
 x - a +0 pair of boots (worn)
 G - a +0 cloak (worn)
Magical Staves
 u - an uncursed staff of conjuration (weapon)
 v - an uncursed staff of wizardry
Jewellery
 a - an uncursed ring of flight
 e - an amulet of reflection (around neck)
 i - a ring of magical power (right hand)
 l - an uncursed ring of wizardry
 p - a cursed ring of magical power
 t - an uncursed ring of protection from magic
 D - an uncursed ring of wizardry
 F - an uncursed ring of protection from magic
 J - a ring of protection from fire (left hand)
Wands
 y - a wand of paralysis (7)
 H - a wand of acid (7)
Scrolls
 f - 4 scrolls of remove curse
 h - 3 scrolls of enchant armour
 j - 5 scrolls of teleportation
 w - 3 scrolls of fear
 A - a scroll of magic mapping
 B - 3 scrolls of identify
 C - 2 scrolls of fog
 K - a scroll of enchant weapon
Potions
 d - 2 potions of flight
 g - 2 potions of might
 k - 3 potions of lignification
 m - 3 potions of heal wounds
 o - a potion of cancellation
 r - 2 potions of brilliance
 s - a potion of resistance
 E - a potion of curing
Comestibles
 b - 12 rations


   Skills:
 + Level 2.9 Fighting
 + Level 2.0 Staves
 + Level 1.4 Throwing
 + Level 4.1 Dodging
 + Level 2.9 Stealth
 + Level 10.2 Spellcasting
 + Level 3.5 Conjurations
 + Level 2.2 Translocations
 + Level 2.3 Transmutations
 + Level 1.5 Fire Magic
 + Level 3.2 Ice Magic
 + Level 5.4 Air Magic
 + Level 11.4 Poison Magic
 + Level 1.4 Evocations


You had 5 spell levels left.
You knew the following spells:

 Your Spells              Type           Power        Failure   Level  Hunger
a - Magic Dart            Conj           ####         1%          1    None
b - Poisonous Vapours     Pois/Air       #####.       1%          2    None
c - Olgreb's Toxic Radia  Pois           ######..     1%          4    ##.....
d - Ignite Poison         Fire/Tmut/Pois ####....     1%          3    None
e - Blink                 Tloc           N/A          4%          2    None
f - Mephitic Cloud        Conj/Pois/Air  ######..     1%          3    None
g - Searing Ray           Conj           ####..       1%          2    None
h - Frozen Ramparts       Ice            ###...       1%          3    None
i - Lightning Bolt        Conj/Air       #####.....   9%          5    #####..

Your spell library contained the following spells:

 Spells                   Type           Power        Failure   Level  Hunger
 Freeze                   Ice            ###.         1%          1    None
 Sting                    Tmut/Pois      ####         1%          1    None
 Spider Form              Tmut/Pois      #####.....   1%          3    None
 Beastly Appendage        Tmut           ###...       2%          1    None
 Conjure Flame            Conj/Fire      ####....     2%          3    None
 Sticks to Snakes         Tmut           ###.....     4%          2    None
 Hailstorm                Conj/Ice       ####....     5%          4    ##.....
 Call Imp                 Summ           #.......     11%         2    None
 Slow                     Hex            #.......     11%         2    None
 Ozocubu's Armour         Chrm/Ice       ###.....     11%         3    None
 Ice Form                 Ice/Tmut       ###.....     22%         4    ##.....
 Summon Ice Beast         Ice/Summ       ###.....     36%         4    ##.....
 Blade Hands              Tmut           ###.......   58%         5    #####..


Dungeon Overview and Level Annotations

Branches:
Dungeon (12/15)            Temple (1/1) D:6            Lair (0/6) D:8
    Orc (0/2) D:11         Bailey (visited)

Altars:
Ashenzari
Cheibriados
Dithmenos
Elyvilon
Fedhas
Gozag
Hepliaklqana
Kikubaaqudgha
Makhleb
Nemelex Xobeh
Okawaru
Qazlal
Ru
Sif Muna
Trog
Uskayaw
Vehumet
Wu Jian
Xom
Yredelemnul
Zin
The Shining One

Shops:
D:8 *

Annotations:
D:12 Azrael


Innate Abilities, Weirdness & Mutations

You can breathe blasts of scalding, opaque steam.
Your pale cyan-grey scales are hard. (AC +7)
You cannot fit into any form of body armour.
You are cold-blooded and may be slowed by cold attacks.


Message History

You feel a surge of power!
The searing ray hits Azrael.
Azrael is moderately wounded. (Press . to maintain the ray.) Azrael is frozen!
The wall freezes Azrael.
Azrael hits you but does no damage.
The searing ray hits Azrael.
Azrael is heavily wounded.
Azrael is frozen!
The wall freezes Azrael!
Azrael hits you with a +3 scimitar of flaming.
The searing ray misses Azrael.
Azrael is frozen!
The wall freezes Azrael!
Azrael gestures at you.
The sticky flame reflects off an invisible shield around you!
The sticky flame misses Azrael.
The searing ray hits Azrael but does no damage.
Azrael is severely wounded.
You finish channeling your searing ray.
The wall freezes Azrael.
Azrael hits you with a +3 scimitar of flaming.
The frozen ramparts melt away.
Azrael gestures at you.
The sphere of damnation explodes!
The damnation engulfs you!!!
You die...

###°.#......####.........###..
!°................'.......>.'....
...###.°.......####.........#.#..
##°###°.☼......# ##.......##.#.#
°○Z○○R°°○......# ##.....###.#.#
##R####.Z○○....# ##...## #.#..
###.☼E#### ##'## #.### ###E#
#########.### #.# #
#○###R@.#.......# #.###
#.##.###..#####.# #...) #....#
#..# #)# ##### ####.###..#
#.####### ##...#.# #........
#####.#####.####### #.......#
#####.### #.#


You could see Azrael.

Vanquished Creatures
  An unseen horror (D:11)
  An orc knight (Bailey)
  Pikel (D:4)
  An ugly thing (D:11)
  An elephant (D:8)
  Maurice (D:12)
  A troll (D:11)
  A meliai zombie (D:10)
  5 hippogriffs
  Sigmund (D:4)
  A shadow (D:12)
  A spriggan (D:7)
  7 yaks
  A wraith (D:10)
  2 basilisks (D:8)
  3 fire elementals (D:12)
  A steam dragon (D:9)
  A hungry ghost (D:8)
  A two-headed ogre zombie (D:11)
  Edmund (D:5)
  A water moccasin (D:10)
  Duvessa (D:4)
  3 hell hounds (D:12)
  2 ice beasts
  8 orc warriors
  A sky beast (D:11)
  4 phantoms
  An eye of draining (D:10)
  7 ogres
  6 centaurs
  A big kobold (D:8)
  Blork the orc (D:6)
  3 bullfrogs
  3 scorpions
  2 wyvern skeletons
  2 troll zombies (D:11)
  2 jellies
  7 killer bees
  5 wights (D:8)
  2 howler monkeys (D:7)
  2 crimson imps
  A bullfrog zombie (D:6)
  4 hounds
  3 quasits
  10 orc priests
  A centaur skeleton (D:9)
  12 orc wizards
  3 bullfrog skeletons
  2 iguanas
  8 worker ants
  5 ogre zombies (D:11)
  A hound skeleton (D:11)
  5 gnolls
  12 adders
  2 shadow imps (D:11)
  An ooze (D:8)
  2 worms
  An adder skeleton (D:7)
  A dart slug (D:1)
  3 leopard geckos
  38 orcs
  6 bats
  14 goblins
  10 hobgoblins
  4 jackals (D:8)
  28 kobolds
  3 quokkas
  A ball python (D:1)
  4 frilled lizards
  A goblin skeleton (D:11)
  3 goblin zombies (D:11)
  3 hobgoblin skeletons (D:11)
  3 hobgoblin zombies (D:11)
  5 orc skeletons (D:11)
  10 orc zombies (D:11)
  A quokka zombie (D:6)
  4 rats
312 creatures vanquished.

Vanquished Creatures (others)
  A centaur zombie (D:12)
  A slave (D:4)
  Dowan (D:4)
  A crimson imp (D:4)
  2 adders (D:4)
6 creatures vanquished.

Grand Total: 318 creatures vanquished

Notes
Turn   | Place    | Note
-------+----------+-------------------------------------------
     0 | D:1      | hawla the Draconian Venom Mage began the quest for the Orb.
     0 | D:1      | Reached XP level 1. HP: 14/14 MP: 3/3
   143 | D:1      | Reached XP level 2. HP: 19/20 MP: 0/5
  1389 | D:2      | Reached XP level 3. HP: 23/26 MP: 1/8
  1393 | D:2      | Learned a level 2 spell: Poisonous Vapours
  2113 | D:2      | Found a radiant altar of Vehumet.
  2116 | D:2      | Found an opulent altar of Gozag.
  2178 | D:2      | Found a basalt altar of Yredelemnul.
  2182 | D:2      | Found a hide-covered altar of Uskayaw.
  2491 | D:2      | Found an iron altar of Okawaru.
  2751 | D:3      | Found a shattered altar of Ashenzari.
  2887 | D:3      | Found a white marble altar of Elyvilon.
  3100 | D:3      | Reached XP level 4. HP: 33/33 MP: 6/9
  3106 | D:3      | Learned a level 4 spell: Olgreb's Toxic Radiance
  3515 | D:3      | Found a bloodstained altar of Trog.
  3605 | D:4      | Noticed Sigmund
  3611 | D:4      | Killed Sigmund
  3611 | D:4      | Reached skill level 5 in Poison Magic
  3611 | D:4      | Reached XP level 5. HP: 38/38 MP: 0/10
  3705 | D:4      | Reached XP level 6. HP: 39/45 MP: 6/11
  3854 | D:4      | Noticed a slave
  3953 | D:4      | Noticed a slave
  4050 | D:4      | Noticed Pikel
  4053 | D:4      | Noticed a slave
  4066 | D:4      | Killed Pikel
  4066 | D:4      | Reached skill level 8 in Poison Magic
  4066 | D:4      | Your scales start taking on a pale cyan-grey colour.
  4066 | D:4      | Reached XP level 7. HP: 15/50 MP: 2/12
  4110 | D:2      | Became a worshipper of Vehumet
  4143 | D:4      | Learned a level 1 spell: Magic Dart
  4147 | D:4      | Learned a level 3 spell: Ignite Poison
  4150 | D:4      | Learned a level 2 spell: Blink
  4164 | D:4      | Killed Dowan
  4381 | D:4      | Found a burning altar of Makhleb.
  4381 | D:4      | Noticed a blizzard demon
  4755 | D:4      | Noticed Duvessa
  5029 | D:4      | Killed Duvessa
  5182 | D:5      | Entered Level 5 of the Dungeon
  5279 | D:5      | Noticed a hippogriff
  5329 | D:5      | Killed a hippogriff
  5329 | D:5      | Reached skill level 1 in Air Magic
  5329 | D:5      | Reached XP level 8. HP: 35/58 MP: 3/14
  5535 | D:5      | Noticed Edmund
  5540 | D:5      | Killed Edmund
  5540 | D:5      | Reached skill level 9 in Poison Magic
  6017 | D:5      | Reached skill level 1 in Fighting
  6228 | D:5      | Found a shattered altar of Ashenzari.
  6343 | D:5      | Found a stormy altar of Qazlal.
  7192 | D:6      | Found a glowing silver altar of Zin.
  7522 | D:6      | Noticed Blork the orc
  7532 | D:6      | Killed Blork the orc
  7649 | D:6      | Reached skill level 5 in Spellcasting
  8086 | D:6      | Reached skill level 1 in Conjurations
  8161 | D:6      | Found a staircase to the Ecumenical Temple.
  8393 | Temple   | Entered the Ecumenical Temple
  8642 | D:7      | Reached XP level 9. HP: 46/67 MP: 4/16
  9579 | D:7      | Found a shadowy altar of Dithmenos.
  9651 | D:7      | Reached skill level 1 in Staves
  9651 | D:7      | Reached skill level 1 in Throwing
 10004 | D:8      | Found Zoinlaxt's General Store.
 10020 | D:8      | Noticed an elephant
 10026 | D:8      | Reached * piety under Vehumet
 10026 | D:8      | Offered knowledge of Shock by Vehumet.
 10027 | D:8      | Killed an elephant
 10233 | D:8      | You fall into a shaft and drop 1 floor!
 10275 | D:8      | Found a flagged portal.
 10278 | D:8      | Reached XP level 10. HP: 69/74 MP: 18/20
 10278 | D:8      | Reached skill level 10 in Poison Magic
 10289 | Bailey   | Entered a bailey
 10334 | Bailey   | Learned a level 3 spell: Mephitic Cloud
 10367 | Bailey   | Offered knowledge of Searing Ray by Vehumet.
 10433 | Bailey   | Learned a level 2 spell: Searing Ray
 10434 | Bailey   | Noticed an orc knight
 10435 | Bailey   | Reached ** piety under Vehumet
 10443 | Bailey   | Killed an orc knight
 10443 | Bailey   | Reached skill level 1 in Fire Magic
 10803 | D:8      | Reached skill level 1 in Evocations
 10916 | D:8      | Found a staircase to the Lair.
 11604 | D:8      | Offered knowledge of Frozen Ramparts by Vehumet.
 11609 | D:8      | Learned a level 3 spell: Frozen Ramparts
 11661 | D:8      | Found a sparkling altar of Nemelex Xobeh.
 11715 | D:8      | Got a fine hand axe
 11716 | D:8      | Identified the +2 hand axe of the Magic Mushroom {vorpal,
                  | rC- rN+ Str+2} (You found it on level 8 of the Dungeon)
 11770 | D:9      | Found a sparkling altar of Nemelex Xobeh.
 11779 | D:9      | Reached skill level 1 in Ice Magic
 12367 | D:9      | Found a blossoming altar of Fedhas.
 12848 | D:10     | Entered Level 10 of the Dungeon
 12884 | D:10     | Reached *** piety under Vehumet
 13636 | D:10     | Reached XP level 11. HP: 66/80 MP: 24/24
 13812 | D:10     | Offered knowledge of Dazzling Flash by Vehumet.
 14850 | D:11     | Reached skill level 11 in Poison Magic
 14962 | D:11     | Killed an unseen horror
 15261 | D:11     | Noticed a white ugly thing
 15277 | D:11     | Killed a white ugly thing
 15359 | D:11     | Reached **** piety under Vehumet
 15575 | D:11     | Offered knowledge of Lightning Bolt by Vehumet.
 15892 | D:11     | Learned a level 5 spell: Lightning Bolt
 16489 | D:11     | Found a staircase to the Orcish Mines.
 16703 | D:11     | Reached skill level 5 in Air Magic
 17187 | D:8      | Bought an uncursed staff of wizardry for 275 gold pieces
 17187 | D:8      | Bought a potion of curing for 33 gold pieces
 17187 | D:8      | Bought a scroll of identify for 22 gold pieces
 17187 | D:8      | Bought a scroll of remove curse for 33 gold pieces
 17273 | D:12     | Noticed Maurice
 17279 | D:12     | Killed Maurice
 17412 | D:12     | Reached skill level 10 in Spellcasting
 17857 | D:12     | Noticed Azrael
 18052 | D:12     | Killed from afar by Azrael

Illustrated notes

Levels and vault maps discovered:
D:1:      scummos_arrival_forest, layout_loops_cross, dk_noncrumbling_2,
          chequers_serial_rivers_room_a
D:2:      layout_basic, nicolae_overflow_hidden_temple,
          kennysheep_okawaru_gauntlet, kennysheep_generic_room_12
D:3:      layout_loops_ring, ashenzari_conservatory_becter,
          lightli_temple_of_fire, elyvilon_altar_5
D:4:      layout_rooms, makhleb_altar_promises_db, first_ration, uniq_duvessa,
          uniq_pikel, uniq_sigmund
D:5:      layout_basic, nicolae_qazlal_eye_of_the_storm, hex_medium,
          nicolae_ashenzari_panopticon, uniq_edmund
D:6:      layout_cave_pods, zin_academy, minmay_temple_entry_purple_smoke,
          uniq_blork_the_orc
D:7:      layout_gridville, nicolae_dithmenos_through_a_glass_darkly, the_bakery
D:8:      layout_loops_ring, david_lair_generic, enter_bailey_2, serial_shops,
          shop, nemelex_dance_club_becter
D:9:      layout_roguey, nemelex_xobeh_ov_fountains_minmay, lemuel_round_altar,
          kennysheep_big_empty_room
D:10:     layout_stronghold
D:11:     layout_small_grid, zombieorc2_lemuel
D:12:     layout_loops_corners, uniq_maurice, uniq_azrael
Temple:   grunt_temple_mini_profane

Skill      XL: |  1  2  3  4  5  6  7  8  9 10 11 |
---------------+----------------------------------+-----
Spellcasting   | 3 4 5 7 9 10 | 10.2
Poison Magic   | 5 8 9 10 11 | 11.4
Translocations | 2 |  2.2
Dodging        | 2 3 4 |  4.1
Air Magic      | 1 2 4 5 |  5.4
Fighting       | 1 2 |  2.9
Stealth        | 2 |  2.9
Conjurations   | 1 2 3 |  3.5
Staves         | 1 2 |  2.0
Throwing       | 1 |  1.4
Transmutations | 2 |  2.3
Fire Magic     | 1 |  1.5
Evocations     | 1 |  1.4
Ice Magic      | 3 |  3.2

Action                   |  1- 3 |  4- 6 |  7- 9 | 10-12 || total
-------------------------+-------+-------+-------+-------++-------
Melee: Unarmed           |    12 |       |       |       ||    12
       Whip              |     1 |     3 |    30 |       ||    34
       Short sword       |       |       |    82 |       ||    82
       Tailslap          |       |       |    17 |     1 ||    18
       Staff             |       |       |    99 |    12 ||   111
Throw: Boomerang         |       |       |    57 |     1 ||    58
 Cast: Sting             |    81 |    18 |       |       ||    99
       Poisonous Vapours |    12 |    14 |    62 |    83 ||   171
       Magic Dart        |       |       |   145 |   113 ||   258
       Olgreb's Toxic Ra |       |       |    24 |    50 ||    74
       Ignite Poison     |       |       |     8 |    19 ||    27
       Blink             |       |       |     2 |     5 ||     7
       Searing Ray       |       |       |       |    55 ||    55
       Frozen Ramparts   |       |       |       |    16 ||    16
       Lightning Bolt    |       |       |       |    23 ||    23
 Abil: Breathe Steam     |       |       |     1 |       ||     1
       Stop Flying       |       |       |       |     3 ||     3
       Evoke Flight      |       |       |       |     3 ||     3
Evoke: Wand              |       |     5 |    20 |       ||    25
  Use: Scroll            |     7 |     2 |     6 |     3 ||    18
       Potion            |       |     1 |     6 |     2 ||     9
  Eat: Chunk             |     8 |     2 |     9 |    17 ||    36
       Ration            |       |       |     7 |     5 ||    12
Armor: Skin              |    12 |     5 |   140 |    89 ||   246
Dodge: Dodged            |    33 |    20 |   146 |   173 ||   372
Block: Other             |     5 |    10 |    61 |    67 ||   143
       Reflection        |       |     1 |       |     5 ||     6
